Selects Special Operations Battlegroup
Construct Weapon Support Center
M1918 Browning Automatic Rifles
M3 Armored Personnel Carrier
Selects SSF Commando Squad
Construct Medical Station
Advanced Air Reconnaissance
Selects M29 Weasel Recon Vehicle
Selects Air Re-supply Operation
Improved M9 Bazooka Rockets
Grasshopper High-Altitude Recon Run
Grasshopper High-Altitude Recon Run
Selects P-47 Anti-Infantry Loiter
P-47 Anti-Infantry Loiter
Grasshopper High-Altitude Recon Run
Selects M4A1 Sherman Whizbang
Grasshopper High-Altitude Recon Run
P-47 Anti-Infantry Loiter
Grasshopper High-Altitude Recon Run
M18 Hellcat Tank Destroyer
P-47 Anti-Infantry Loiter
Grasshopper High-Altitude Recon Run
M18 Hellcat Tank Destroyer
Grasshopper High-Altitude Recon Run
P-47 Anti-Infantry Loiter